 Dungeon Crawl Stone Soup version 0.16.1-25-gbcee3f8 (webtiles) character file.

13160 hannobal the Archer (level 11, -13/56 HPs)
             Began as a Deep Elf Arcane Marksman on May 17, 2015.
             Was a Believer of Fedhas.
             Mangled by Gekot's ghost (33 damage)
             ... on level 1 of the Lair of Beasts on May 20, 2015.
             The game lasted 03:07:59 (22636 turns).

hannobal the Archer (Deep Elf Arcane Marksman)     Turns: 22636, Time: 03:07:59

Health: -13/56     AC: 14    Str: 10    XL:     11   Next: 71%
Magic:  17/40      EV: 15    Int: 20    God:    Fedhas [**....]
Gold:   233        SH:  0    Dex: 14    Spells: 8 memorised, 1 level left

rFire  . . .     SeeInvis .     b - +4 scimitar (flame)
rCold  . . .     Clarity  .     p - +2 leather armour {rPois}
rNeg   . . .     SustAb   .     (no shield)
rPois  +         Gourm    .     (no helmet)
rElec  +         Spirit   .     o - +1 cloak
rCorr  .         Warding  .     S - +2 pair of gloves
rMut   .         Stasis   .     s - +0 pair of boots
MR     +....                    R - amulet of regeneration
Stlth  ++........               J - +3 ring of protection
                                n - ring of magical power

@: somewhat resistant to hostile enchantments, unstealthy
A: electricity resistance
a: Evolution, Sunlight, Renounce Religion


You were on level 1 of the Lair of Beasts.
You worshipped Fedhas.
Fedhas was pleased with you.
You were hungry.

You visited 3 branches of the dungeon, and saw 14 of its levels.

You collected 717 gold pieces.
You spent 484 gold pieces at shops.

Inventory:

Hand weapons
 a - a +4 shortbow of flaming
 b - a +4 scimitar of flaming (weapon)
 w - a +0 blowgun
 D - a +2 whip of electrocution
Missiles
 c - 91 arrows
 e - 9 poisoned needles
 q - 13 arrows of dispersal
 v - 17 arrows of frost
 L - 9 tomahawks (quivered)
 P - 15 curare-tipped needles
Armour
 o - a +1 cloak (worn)
 p - a +2 leather armour of poison resistance (worn)
 r - a +2 robe of fire resistance
 s - a +0 pair of boots (worn)
 S - a +2 pair of gloves (worn)
Jewellery
 j - an uncursed amulet of guardian spirit
 n - a ring of magical power (left hand)
 u - an uncursed ring of ice
 y - an uncursed ring of flight
 J - a +3 ring of protection (right hand)
 M - an uncursed ring of protection from magic
 R - an amulet of regeneration (around neck)
 U - an uncursed ring of teleport control
 Z - an uncursed amulet of stasis
Magical devices
 t - a wand of disintegration (22)
 x - a wand of cold (4)
 G - a wand of draining (6)
Scrolls
 d - 3 scrolls of immolation
 i - 3 scrolls of identify
 l - 2 scrolls of remove curse
 E - a scroll of teleportation
 F - a scroll of enchant weapon
Potions
 h - 3 potions of agility
 Q - 2 potions of invisibility
 X - 2 potions of curing
Comestibles
 f - 8 bread rations
 g - 4 meat rations
 m - 24 fruits {!e}


   Skills:
 - Level 1.2 Fighting
   Level 1.4(3.1) Short Blades
 - Level 4.0(4.2) Long Blades
 - Level 14.0 Bows
 - Level 1.0 Throwing
 - Level 7.6 Dodging
 - Level 1.0 Stealth
 - Level 8.4 Spellcasting
 + Level 11.4 Hexes
 - Level 1.9 Charms
 - Level 1.2 Summonings
 - Level 1.0 Translocations
 - Level 1.2 Fire Magic
 - Level 1.0 Invocations
 - Level 1.4 Evocations


You had one spell level left.
You knew the following spells:

 Your Spells              Type           Power        Failure   Level  Hunger
a - Corona                Hex            ######.      1%          1    None
b - Slow                  Hex            ######..     1%          2    None
c - Summon Butterflies    Summ           ##......     10%         1    None
e - Enslavement           Hex            ######..     1%          4    ###....
f - Cause Fear            Hex            ######....   1%          4    ###....
i - Inner Flame           Hex/Fire       ####....     2%          3    None
m - Summon Mana Viper     Hex/Summ       ####....     28%         5    #####..
w - Warp Weapon           Chrm/Tloc      ##........   98%         5    #####..


Dungeon Overview and Level Annotations

Branches:
Dungeon (11/15)            Temple (1/1) D:6            Lair (2/8) D:11
    Orc: D:9-12

Altars:
Ashenzari
Cheibriados
Dithmenos
Elyvilon
Fedhas
Gozag
Kikubaaqudgha
Makhleb
Nemelex Xobeh
Okawaru
Qazlal
Ru
Sif Muna
Trog
Vehumet
Xom
Yredelemnul
Zin
The Shining One
Beogh

Shops:
D:7 [   D:11 =[*

Annotations:
D:5 orc warrior!
D:10 Nergalle! Skele warrior!, Nergalle
Lair:1 Gekot's ghost, powerful MiFi


Innate Abilities, Weirdness & Mutations

You are resistant to electric shocks.


Message History

Confirm with . or Enter, or press ? or * to list all spells.
Aiming: Slow
Press: ? - help, Shift-Dir - straight line, f - Gekot's ghost
Aim: Gekot's ghost, wielding an antimagic weapon (chance 28%) Gekot's ghost resists with some effort.
The iguana hisses angrily.
Gekot's ghost hits you.
Casting: Slow
Confirm with . or Enter, or press ? or * to list all spells.
Aiming: Slow
Press: ? - help, Shift-Dir - straight line, f/p - Gekot's ghost
Aim: Gekot's ghost, wielding an antimagic weapon (chance 28%) Gekot's ghost resists with some effort.
Gekot's ghost hits you!!
Ouch! That really hurt!
You feel your power leaking away.
Gekot's ghost whispers, "Death is liberation."
Gekot's ghost hits you!!
Ouch! That really hurt!
You die...
Fedhas appreciates your contribution to the ecosystem.

#. #. ###
#.##.############
#..#...l.@W.....#
..##.P...######.....#
..#.......# #.#
...#.###.W## ....P.
#...# ......###...#
P..#.....#.#####P
#..###...........
#..##...####..#..


You could see an iguana and Gekot's ghost.

Vanquished Creatures
  Erica (D:11)
  A skeletal warrior (D:11)
  Pikel (D:6)
  A hill giant (D:9)
  An ugly thing (D:11)
  A centaur skeleton (D:11)
  A kobold demonologist (D:11)
  A killer bee (D:7)
  2 trolls (D:11)
  6 centaurs
  2 basilisks (D:11)
  3 hungry ghosts
  A wyvern (D:11)
  3 wolves (D:10)
  Edmund (D:8)
  2 water moccasins
  Menkaure (D:6)
  A porcupine (D:11)
  4 ice beasts
  3 orc warriors
  A wasp (D:10)
  6 phantoms
  3 sky beasts
  2 black bears (D:11)
  4 ogres
  Duvessa (D:6)
  5 crocodiles
  4 big kobolds
  7 giant frogs
  2 scorpions
  14 wights
  3 crimson imps
  2 centaur zombies
  A giant frog zombie (D:6)
  8 jellies
  A giant frog skeleton (D:7)
  2 orc priests
  7 hounds
  12 orc wizards
  5 iguanas
  11 worker ants
  A killer bee zombie (D:3)
  Jessica (D:3)
  6 sheep (D:11)
  A worker ant zombie (D:9)
  21 adders
  A shadow imp (D:5)
  4 giant mites
  2 river rats (D:11)
  A white imp (D:11)
  5 worms
  An adder skeleton (D:9)
  An adder zombie (D:5)
  8 giant geckos
  An ooze (D:5)
  36 orcs
  4 ball pythons
  3 bat zombies (D:5)
  10 giant cockroaches
  13 goblins
  14 hobgoblins
  6 jackals
  4 quokkas
  20 bats
  12 giant newts
  2 giant spores (D:6)
  34 kobolds
  A quokka skeleton (D:4)
  22 rats
  A ballistomycete (D:6)
374 creatures vanquished.

Vanquished Creatures (collateral kills)
  A skeletal warrior (D:11)
  A hill giant (D:10)
  A raven (D:10)
  A kobold demonologist (D:11)
  A blue devil (D:11)
  A slave (D:6)
  A phantom (D:6)
  An ice beast (D:5)
  A sky beast (D:5)
  2 killer bees (D:7)
  A wight (D:11)
  A crimson imp (D:6)
  Dowan (D:6)
  An orc priest (D:6)
  A giant frog skeleton (D:10)
  A jelly (D:10)
  A hound (D:6)
  A sheep (D:11)
  A river rat (D:11)
  2 shadow imps (D:11)
  An ufetubus (D:11)
  An adder skeleton (D:6)
  2 orcs
  3 hobgoblins
  3 jackals
  A kobold (D:11)
  A rat (D:5)
  2 ballistomycetes (D:6)
36 creatures vanquished.

Vanquished Creatures (others)
  A kobold demonologist (D:11)
  A tengu conjurer (D:10)
  A raven (D:10)
  A water moccasin (D:11)
  2 slaves (D:6)
  A black bear (D:11)
  2 centaurs
  A giant frog (D:6)
  Blork the orc (D:6)
  3 killer bees (D:7)
  3 orc priests
  3 worker ants
  3 sheep (D:11)
  A river rat (D:11)
  An ufetubus (D:11)
  5 orcs
  A jackal (D:4)
  A giant newt (D:6)
  A giant spore (D:6)
  A ballistomycete (D:6)
  A bush (D:11)
  3 plants (D:11)
  65 toadstools
103 creatures vanquished.

Grand Total: 513 creatures vanquished

Notes
Turn   | Place    | Note
--------------------------------------------------------------
     0 | D:1      | hannobal, the Deep Elf Arcane Marksman, began the quest for the Orb.
     0 | D:1      | Reached XP level 1. HP: 11/11 MP: 3/3
   325 | D:1      | Reached XP level 2. HP: 16/16 MP: 3/5
   821 | D:1      | Reached XP level 3. HP: 20/20 MP: 6/8
  1354 | D:2      | Reached skill level 1 in Fighting
  1412 | D:2      | Learned a level 2 spell: Slow
  1983 | D:1      | Reached XP level 4. HP: 18/25 MP: 7/11
  2089 | D:2      | Reached skill level 1 in Short Blades
  2439 | D:2      | Learned a level 4 spell: Enslavement
  2792 | D:3      | Noticed Jessica
  2800 | D:3      | Killed Jessica
  2800 | D:3      | Reached XP level 5. HP: 29/29 MP: 11/16
  2898 | D:3      | Reached skill level 5 in Hexes
  4674 | D:3      | Reached skill level 6 in Hexes
  5201 | D:4      | Reached XP level 6. HP: 18/34 MP: 18/18
  5422 | D:4      | Reached skill level 7 in Hexes
  5643 | D:4      | Learned a level 4 spell: Cause Fear
  5770 | D:4      | Reached skill level 1 in Evocations
  5857 | D:4      | Reached skill level 1 in Stealth
  6521 | D:5      | Entered Level 5 of the Dungeon
  6534 | D:4      | Reached skill level 5 in Bows
  6807 | D:5      | Reached XP level 7. HP: 38/38 MP: 20/20
  7485 | D:5      | Learned a level 3 spell: Inner Flame
  7548 | D:5      | Reached skill level 1 in Fire Magic
  8046 | D:5      | Gained mutation: You are resistant to electric shocks. [potion of beneficial mutation]
  8104 | D:5      | Noticed Blork the orc
  8851 | D:6      | Noticed Pikel
  9135 | D:5      | Reached skill level 8 in Hexes
  9164 | D:5      | Reached XP level 8. HP: 43/43 MP: 23/23
  9233 | D:6      | Noticed Menkaure
  9244 | D:6      | Killed Menkaure
  9244 | D:6      | Reached skill level 9 in Hexes
  9495 | D:6      | Found a white marble altar of Elyvilon.
  9510 | D:6      | Became a worshipper of Elyvilon the Healer
  9731 | D:5      | Reached skill level 1 in Invocations
 10097 | D:6      | Reached skill level 5 in Spellcasting
 10196 | D:6      | Noticed Dowan
 10199 | D:6      | Noticed Duvessa
 10216 | D:6      | Killed Dowan
 10233 | D:6      | Killed Pikel
 10233 | D:6      | Reached XP level 9. HP: 16/47 MP: 21/29
 10322 | D:6      | Blork the orc (ally) was killed
 10322 | D:6      | Your ally died
 11357 | D:6      | Killed Duvessa
 11358 | D:6      | Found a staircase to the Ecumenical Temple.
 11408 | D:6      | Learned a level 5 spell: Warp Weapon
 11447 | D:6      | Reached skill level 10 in Hexes
 11503 | D:6      | Found a blossoming altar of Fedhas.
 11507 | D:6      | Found a deep blue altar of Sif Muna.
 11507 | D:6      | Found a basalt altar of Yredelemnul.
 11649 | Temple   | Entered the Ecumenical Temple
 11998 | D:7      | Acquired Elyvilon's first power
 12021 | D:7      | Reached skill level 1 in Charms
 12041 | D:7      | Reached skill level 1 in Translocations
 12125 | D:7      | Found a shadowy altar of Dithmenos.
 12430 | D:7      | Reached skill level 5 in Dodging
 12542 | D:7      | Was placed under penance by Elyvilon
 12885 | D:7      | Identified Butuj's Collected Works on Shifting Hexes
 13046 | D:7      | Found Qiqahydexe's Antique Armour Shoppe.
 13240 | D:7      | Found a sacrificial altar of Ru.
 13240 | D:7      | Found a burning altar of Makhleb.
 13735 | D:7      | Bought an embroidered robe for 17 gold pieces
 14166 | D:8      | Reached skill level 11 in Hexes
 14279 | D:8      | Was forgiven by Elyvilon
 14392 | D:8      | Noticed a moth of wrath
 14490 | D:8      | Reached skill level 1 in Long Blades
 14666 | D:8      | Noticed Edmund
 14707 | D:8      | Killed Edmund
 14707 | D:8      | Reached XP level 10. HP: 52/52 MP: 30/30
 14931 | D:8      | Found a bloodstained altar of Trog.
 15779 | D:9      | Noticed a hill giant
 15871 | D:9      | Killed a hill giant
 15871 | D:9      | Reached skill level 10 in Bows
 16397 | D:9      | Acquired Elyvilon's second power
 16739 | D:6      | Fell from the grace of Elyvilon
 16739 | D:6      | Became a worshipper of Fedhas Madash
 17038 | D:9      | Reached skill level 1 in Throwing
 17398 | D:10     | Entered Level 10 of the Dungeon
 17778 | D:10     | Noticed Nergalle
 18084 | D:11     | Found Crunom's Armour Shop.
 18494 | D:11     | Reached skill level 12 in Bows
 18604 | D:11     | Noticed a green ugly thing
 18631 | D:11     | Found Miang's Jewellery Emporium.
 18838 | D:11     | Killed a green ugly thing
 19007 | D:11     | Noticed Erica
 19024 | D:11     | Killed Erica
 19024 | D:11     | Reached XP level 11. HP: 51/56 MP: 11/31
 19103 | D:11     | Reached skill level 13 in Bows
 19196 | D:11     | Acquired Fedhas' first power
 19201 | D:11     | Found a staircase to the Lair.
 19390 | D:11     | Noticed a skeletal warrior
 19509 | D:10     | Noticed a hill giant
 19600 | D:10     | Killed a hill giant
 20198 | D:10     | Noticed a hill giant
 20637 | D:11     | Noticed a skeletal warrior
 20678 | D:11     | Killed a skeletal warrior
 20914 | D:11     | Found Koimmiweba's General Store.
 21151 | D:11     | Bought a scroll of teleportation for 42 gold pieces
 21151 | D:11     | Bought a potion of curing for 42 gold pieces
 21151 | D:11     | Bought a +4 shortbow of flaming for 383 gold pieces
 21284 | D:11     | Reached skill level 14 in Bows
 21292 | D:11     | Acquired Fedhas' second power
 21318 | D:11     | Found a runed door.
 21480 | D:11     | Noticed a skeletal warrior
 21493 | Lair:1   | Entered Level 1 of the Lair of Beasts
 21557 | Lair:1   | Noticed Gekot's ghost (powerful MiFi)
 21683 | D:11     | Killed a skeletal warrior
 21761 | D:11     | Learned a level 1 spell: Summon Butterflies
 21826 | D:11     | Reached skill level 1 in Summonings
 22447 | D:11     | Found a roughly hewn altar of Beogh.
 22535 | D:11     | Learned a level 5 spell: Summon Mana Viper
 22636 | Lair:1   | Mangled by Gekot's ghost

Action                   |  1- 3 |  4- 6 |  7- 9 | 10-12 || total
-------------------------+-------+-------+-------+-------++-------
Melee: Short sword       |     5 |    36 |    95 |    61 ||   197
       Unarmed           |     1 |       |       |       ||     1
       Shortbow          |       |       |       |     1 ||     1
       Scimitar          |       |       |       |    83 ||    83
 Fire: Shortbow          |   102 |   253 |   609 |   736 ||  1700
Throw: Stone             |       |     4 |       |       ||     4
 Cast: Corona            |    24 |    94 |   125 |   111 ||   354
       Slow              |     4 |    21 |    63 |   119 ||   207
       Enslavement       |       |     9 |    42 |    53 ||   104
       Inner Flame       |       |       |     6 |    22 ||    28
Evoke: Wand              |       |       |       |     2 ||     2
  Use: Scroll            |     4 |     6 |     7 |     7 ||    24
       Potion            |     7 |       |     2 |     3 ||    12
  Eat: Chunk             |     3 |    17 |    10 |    25 ||    55
       Fruit             |       |     1 |     1 |       ||     2
       Bread ration      |       |       |     4 |     1 ||     5
       Pizza             |       |       |     1 |     2 ||     3
       Beef jerky        |       |       |     1 |       ||     1
